[Event "ICC tourney 2556 (25 5)"]
[Site "Internet Chess Club"]
[Date "2021.05.09"]
[Round "6"]
[White "S MORGAN, LAKSHMI:K05-16867525"]
[Black "WANG, YOURAN:K05-16488667"]
[Result "1-0"]
[ICCResult "Black checkmated"]
[WhiteElo "1108"]
[BlackElo "1553"]
[Opening "Sicilian: Smith-Morra gambit"]
[ECO "B21"]
[NIC "SI.48"]
[Time "13:31:39"]
[PlyCount "125"]
[TimeControl "1500+5"]

1. e4 c5 2. d4 cxd4 3. c3 dxc3 4. Nxc3 Nc6 5. Nf3 d6 6. Bc4 e6 7. O-O Be7
8. Be3 Nf6 9. Re1 O-O 10. Qd2 a6 11. a4 Bd7 12. Rad1 Qc7 13. Bg5 Na5 14.
Ba2 Nc4 15. Qe2 b5 16. b3 Na5 17. Rc1 Qb6 18. e5 dxe5 19. Nxe5 Bc6 20. Nxc6
Nxc6 21. Be3 Qb7 22. Bb1 Na5 23. Qc2 bxa4 24. bxa4 Qb3 25. Qe2 Nd5 26. Nxd5
Qxd5 27. Qc2 Qh5 28. Bd2 g6 29. Bc3 Bd6 30. g3 Rac8 31. Qb2 Rxc3 32. Qxc3
Be7 33. Re5 Bb4 34. Qb2 Qh6 35. Kg2 Rb8 36. Rxa5 Qf8 37. Rxa6 Ba3 38. Qd2
Qe7 39. Be4 Bxc1 40. Qxc1 Qf8 41. Rc6 Kg7 42. Qc3+ Kg8 43. a5 Qb4 44. Rc8+
Rxc8 45. Qxb4 Kh8 46. a6 f5 47. Bb7 Rg8 48. a7 f4 49. a8=Q f3+ 50. Kxf3
Rxa8 51. Bxa8 Kg7 52. Qe7+ Kh8 53. Bb7 h5 54. Bc8 g5 55. Bxe6 g4+ 56. Kf4
h4 57. Qf6+ Kh7 58. Bf5+ Kg8 59. Qg6+ Kf8 60. Qh7 Ke8 61. Be6 h3 62. Qf7+
Kd8 63. Qd7# { Black checkmated } 1-0

[Event "ICC tourney 2556 (25 5)"]
[Site "Internet Chess Club"]
[Date "2021.05.09"]
[Round "6"]
[White "MANIKANDAN, SATHVIK:K05-16940134"]
[Black "WU, MATTHEW:K05-16720313"]
[Result "0-1"]
[ICCResult "White checkmated"]
[WhiteElo "582"]
[BlackElo "951"]
[Opening "Scandinavian: Pytel-Wade variation"]
[ECO "B01"]
[NIC "SD.02"]
[Time "13:31:06"]
[PlyCount "184"]
[TimeControl "1500+5"]

1. e4 d5 2. exd5 Qxd5 3. Nc3 Qd6 4. Nf3 c6 5. d4 Nf6 6. Be2 Bg4 7. O-O e6
8. h3 Bh5 9. Bg5 Be7 10. Re1 O-O 11. Qd2 Nbd7 12. Rad1 Rfd8 13. Bf4 Qb4 14.
b3 Rac8 15. Nb1 Qxd2 16. Nbxd2 Nd5 17. Bg3 N7f6 18. c4 Nc3 19. Ra1 Nxe2+
20. Rxe2 Bxf3 21. Nxf3 c5 22. dxc5 Bxc5 23. Rd2 Ne4 24. Rxd8+ Rxd8 25. Bh4
f6 26. Kf1 g5 27. Bg3 Nxg3+ 28. fxg3 e5 29. Ke2 e4 30. Ne1 Kf7 31. Rd1 Rxd1
32. Kxd1 Ke6 33. Nc2 Kf5 34. b4 Bf2 35. Ke2 Bxg3 36. Ne3+ Ke5 37. Ng4+ Kd4
38. c5 Kc4 39. a3 f5 40. Ne3+ Kb3 41. Nxf5 Bc7 42. Ke3 Kxa3 43. Kxe4 Kxb4
44. Kd4 a5 45. Ne3 a4 46. Nc2+ Kb3 47. Kd3 a3 48. g3 Bxg3 49. Nd4+ Kb2 50.
Nc2 h5 51. Nb4 a2 52. Nxa2 Kxa2 53. Ke2 Kb3 54. Kf3 Be1 55. Ke4 g4 56. hxg4
hxg4 57. Kf4 Kc4 58. Kxg4 Kxc5 59. Kf3 b5 60. Ke2 Bc3 61. Kd1 b4 62. Kc2
Kc4 63. Kb1 Kb5 64. Ka2 Ka4 65. Kb1 Bd4 66. Ka2 b3+ 67. Kb1 Ka3 68. Kc1 b2+
69. Kb1 Be5 70. Kc2 Ka2 71. Kd2 b1=Q 72. Ke3 Qc1+ 73. Ke4 Qc5 74. Kd3 Qd4+
75. Ke2 Kb2 76. Kf3 Qf4+ 77. Ke2 Bd4 78. Kd3 Qe3+ 79. Kc4 Qc3+ 80. Kd5 Qb4
81. Ke4 Bb6+ 82. Kd5 Kc3 83. Ke5 Qc4 84. Kd6 Kd4 85. Ke7 Qd5 86. Ke8 Ke5
87. Ke7 Qe6+ 88. Kf8 Kf5 89. Kg7 Bd4+ 90. Kf8 Qd7 91. Kg8 Kg6 92. Kf8 Qf7#
{ White checkmated } 0-1

[Event "ICC tourney 2556 (25 5)"]
[Site "Internet Chess Club"]
[Date "2021.05.09"]
[Round "6"]
[White "VELLORE, INAY:K05-15913368"]
[Black "ZHUANG, KYLE:K05-16368295"]
[Result "0-1"]
[ICCResult "White forfeits on time"]
[WhiteElo "1427"]
[BlackElo "1637"]
[Opening "Sicilian: dragon, Yugoslav attack, 7...O-O"]
[ECO "B76"]
[NIC "SI.17"]
[Time "13:31:59"]
[PlyCount "84"]
[TimeControl "1500+5"]

1. e4 c5 2. Nf3 d6 3. d4 cxd4 4. Nxd4 Nf6 5. Nc3 g6 6. f3 Bg7 7. Be3 O-O 8.
Qd2 Nc6 9. h4 Bd7 10. g4 Rb8 11. h5 Nxd4 12. Bxd4 b5 13. Nd5 Bc6 14. Nxf6+
exf6 15. hxg6 fxg6 16. Qh2 h6 17. g5 h5 18. O-O-O Qe7 19. Bh3 Rbd8 20. Be3
fxg5 21. Rhg1 Qe5 22. Qxe5 Bxe5 23. Rxg5 Kh7 24. Kb1 Rxf3 25. Rxe5 dxe5 26.
Rxd8 Rxe3 27. a4 Rxh3 28. Rc8 Bxe4 29. Rc7+ Kh6 30. axb5 Rh1+ 31. Ka2 h4
32. Rxa7 h3 33. Re7 h2 34. Re8 Ra1+ 35. Kxa1 h1=Q+ 36. Ka2 Bd5+ 37. b3 Qc1
38. Rh8+ Kg7 39. Rh2 e4 40. b6 e3 41. b7 Bxb7 42. b4 Qd2 { White forfeits
on time } 0-1

[Event "ICC tourney 2556 (25 5)"]
[Site "Internet Chess Club"]
[Date "2021.05.09"]
[Round "6"]
[White "YANG, ALEXANDER:K05-16917728"]
[Black "METZMAKER, SUYA:K05-16458411"]
[Result "0-1"]
[ICCResult "White resigns"]
[WhiteElo "1834"]
[BlackElo "1618"]
[Opening "QGD Slav: 4.Nc3"]
[ECO "D15"]
[NIC "SL.03"]
[Time "13:33:22"]
[PlyCount "105"]
[TimeControl "1500+5"]

1. d4 d5 2. c4 c6 3. Nc3 Nf6 4. Nf3 Bg4 5. Bf4 e6 6. e3 Nbd7 7. Be2 Be7 8.
O-O O-O 9. h3 Bf5 10. Nh4 Bg6 11. Nxg6 fxg6 12. Qb3 Qb6 13. Rac1 Qxb3 14.
axb3 Nh5 15. Bh2 Rac8 16. g4 Nhf6 17. f4 Ne4 18. Bf3 Nd2 19. Be2 Nxf1 20.
Rxf1 g5 21. f5 exf5 22. gxf5 Nb6 23. Bg4 dxc4 24. f6 Bxf6 25. Bxc8 Rxc8 26.
Ne4 cxb3 27. Nd6 Rc7 28. Nf5 Rd7 29. Ra1 a6 30. Ra3 g6 31. Rxb3 gxf5 32.
Rxb6 h6 33. Rb3 f4 34. exf4 Bxd4+ 35. Kg2 Re7 36. Kf3 Kf7 37. Kg4 Re2 38.
Rxb7+ Kg6 39. f5+ Kf6 40. Bd6 Rg2+ 41. Kf3 Rxb2 42. Rc7 Kxf5 43. Rxc6 Rf2+
44. Kg3 h5 45. h4 gxh4+ 46. Kxh4 Rf3 47. Bc5 Bf6+ 48. Rxf6+ Kxf6 49. Bd4+
Kf5 50. Ba1 Rf1 51. Bd4 Rf4+ 52. Kh3 Rxd4 53. Kg3 { White resigns } 0-1

[Event "ICC tourney 2556 (25 5)"]
[Site "Internet Chess Club"]
[Date "2021.05.09"]
[Round "6"]
[White "HUANG WANG, WILLIAM:K05-16426896"]
[Black "BENJAMIN STIEGLITZ, RHYS:K05-16850181"]
[Result "1-0"]
[ICCResult "Black resigns"]
[WhiteElo "1554"]
[BlackElo "1014"]
[Opening "QGD: Albin counter-gambit"]
[ECO "D08"]
[NIC "QG.02"]
[Time "13:33:00"]
[PlyCount "89"]
[TimeControl "1500+5"]

1. d4 d5 2. c4 e5 3. dxe5 d4 4. Nf3 c5 5. e3 Nc6 6. Bd3 Bg4 7. O-O Nxe5 8.
Be4 Nxf3+ 9. Bxf3 h5 10. Bxg4 hxg4 11. Qxg4 Bd6 12. g3 Qf6 13. exd4 cxd4
14. Re1+ Ne7 15. Bg5 Qg6 16. f3 Qc2 17. Nd2 f6 18. Bf4 Bxf4 19. Qxf4 Kf7
20. Qe4 Qxe4 21. Nxe4 Rh3 22. Rad1 Rd8 23. Rd3 Rdh8 24. Re2 Nf5 25. b3 a6
26. a3 b6 27. b4 Rb8 28. Kg2 Rhh8 29. g4 Ne3+ 30. Kg3 Rbd8 31. c5 bxc5 32.
bxc5 Nf1+ 33. Kf2 Ne3 34. Nd6+ Rxd6 35. cxd6 Rxh2+ 36. Ke1 Rh1+ 37. Kf2
Rh2+ 38. Ke1 Rh1+ 39. Kf2 Rh2+ 40. Ke1 Nc2+ 41. Kd2 Rxe2+ 42. Kxe2 Ke6 43.
Kd2 Kxd6 44. Kxc2 Ke5 45. Kb3 { Black resigns } 1-0

[Event "ICC tourney 2556 (25 5)"]
[Site "Internet Chess Club"]
[Date "2021.05.09"]
[Round "6"]
[White "SHANMUGAM, MEERA:K05-16606945"]
[Black "ZIEGLER, NATE:K05-15967852"]
[Result "1/2-1/2"]
[ICCResult "Game drawn because neither player has mating material"]
[WhiteElo "1579"]
[BlackElo "1866"]
[Opening "Caro-Kann: classical, 7...Nd7"]
[ECO "B19"]
[NIC "CK.11"]
[Time "13:32:34"]
[PlyCount "101"]
[TimeControl "1500+5"]

1. e4 c6 2. d4 d5 3. Nc3 dxe4 4. Nxe4 Bf5 5. Ng3 Bg6 6. h4 h6 7. Nf3 Nd7 8.
Bd3 Bxd3 9. Qxd3 Qc7 10. Bd2 Ngf6 11. O-O-O e6 12. Kb1 O-O-O 13. c4 Kb8 14.
Ne4 Nc5 15. Nxc5 Bxc5 16. Qc3 Ne4 17. Qe3 Nxd2+ 18. Rxd2 Bd6 19. g3 Rd7 20.
c5 Bf8 21. Ne5 Rd5 22. Re1 g5 23. hxg5 hxg5 24. Qxg5 Bh6 25. Qf6 Bxd2 26.
Qxh8+ Rd8 27. Rh1 a6 28. Qf6 Rf8 29. Rh7 Qd8 30. Rxf7 Qxf6 31. Rxf8+ Qxf8
32. Nd7+ Kc8 33. Nxf8 Be1 34. Nxe6 Bxf2 35. g4 Kd7 36. Nf4 Bxd4 37. Nd3 Ke6
38. Kc2 Kf6 39. Kb3 Kg5 40. Kc4 Bf6 41. Nf2 Kf4 42. b4 Bh4 43. Nd3+ Kxg4
44. Ne5+ Kf5 45. Nf3 Be7 46. a4 Ke6 47. b5 axb5+ 48. axb5 cxb5+ 49. Kxb5
Bxc5 50. Kxc5 b6+ 51. Kxb6 { Game drawn because neither player has mating
material } 1/2-1/2

[Event "ICC tourney 2556 (25 5)"]
[Site "Internet Chess Club"]
[Date "2021.05.09"]
[Round "6"]
[White "B KASHYAP, MAHATI:K05-16792961"]
[Black "LU, YIDING:K05-16857692"]
[Result "1-0"]
[ICCResult "Black checkmated"]
[WhiteElo "1033"]
[BlackElo "1733"]
[Opening "French: Tarrasch, open variation"]
[ECO "C07"]
[NIC "FR.18"]
[Time "13:30:24"]
[PlyCount "67"]
[TimeControl "1500+5"]

1. e4 e6 2. d4 d5 3. Nd2 c5 4. c3 cxd4 5. cxd4 dxe4 6. Nxe4 Bb4+ 7. Nc3 Nf6
8. Nf3 O-O 9. Bd3 Nc6 10. Bc2 b6 11. O-O Bb7 12. Bg5 h6 13. Bh4 g5 14. Bg3
g4 15. Ne5 Qxd4 16. Qe2 h5 17. Rad1 Qc5 18. Ne4 Nxe4 19. Qxe4 f5 20. Qe2
Nd4 21. Rxd4 Qxd4 22. Rd1 Qc5 23. Rd7 Bd5 24. Nd3 Qb5 25. Rc7 Rf7 26. Rxf7
Rc8 27. Rxa7 Be4 28. Qe3 Rxc2 29. Qg5+ Kf8 30. Qh6+ Ke8 31. Qxe6+ Kd8 32.
Bh4+ Be7 33. Qxe7+ Kc8 34. Qd8# { Black checkmated } 1-0

[Event "ICC tourney 2556 (25 5)"]
[Site "Internet Chess Club"]
[Date "2021.05.09"]
[Round "6"]
[White "SFORZA, HUNTER:K05-30100050"]
[Black "MUKHILAN A SAMPATH, KAVIN:K05-30070336"]
[Result "1/2-1/2"]
[ICCResult "Game drawn by repetition"]
[WhiteElo "692"]
[BlackElo "1105"]
[Opening "Giuoco Piano"]
[ECO "C54"]
[NIC "IG.02"]
[Time "13:32:49"]
[PlyCount "108"]
[TimeControl "1500+5"]

1. e4 e5 2. Nf3 Nc6 3. Bc4 Bc5 4. c3 Nf6 5. d4 exd4 6. cxd4 Bb4+ 7. Nc3
Nxe4 8. O-O Bxc3 9. bxc3 d5 10. Re1 Bf5 11. Bb5 O-O 12. Bxc6 bxc6 13. Ba3
Re8 14. Ne5 Qf6 15. f3 Nxc3 16. Qc1 Nb5 17. Bb2 Re7 18. Qxc6 Qxc6 19. Nxc6
Rxe1+ 20. Rxe1 Be6 21. Ne5 f6 22. Nc6 Kf7 23. h3 Re8 24. g4 Bd7 25. Rxe8
Kxe8 26. Nb4 a5 27. Nxd5 Be6 28. Nc3 Nxd4 29. Kf2 Nc6 30. a4 Nb4 31. Ke3
Nc6 32. Nb5 Kd7 33. Bc3 Bb3 34. Nd4 Nxd4 35. Kxd4 Bxa4 36. Bxa5 Bd1 37. Ke4
Bc2+ 38. Kd5 Ba4 39. Bc3 Bc6+ 40. Kd4 Bxf3 41. Ke3 Bd5 42. h4 Be6 43. g5
fxg5 44. hxg5 g6 45. Ke4 c6 46. Ke5 Ke7 47. Bd4 Bd7 48. Bc3 Be8 49. Bd4 Kf7
50. Bc3 Bd7 51. Bd4 Be8 52. Bc3 Bd7 53. Bd4 Be8 54. Bc3 Bd7 { Game drawn by
repetition } 1/2-1/2

[Event "ICC tourney 2556 (25 5)"]
[Site "Internet Chess Club"]
[Date "2021.05.09"]
[Round "6"]
[White "NIEUWERBURGH, HENRY:K05-16089188"]
[Black "SHENVI PRIOLKAR, ANSH:K05-30065668"]
[Result "0-1"]
[ICCResult "White checkmated"]
[WhiteElo "1297"]
[BlackElo "941"]
[Opening "Ruy Lopez: Berlin defense"]
[ECO "C65"]
[NIC "RL.07"]
[Time "13:33:00"]
[PlyCount "66"]
[TimeControl "1500+5"]

1. e4 e5 2. Nf3 Nc6 3. Bb5 Nf6 4. d3 Bc5 5. O-O d6 6. Re1 Ng4 7. Be3 Nxe3
8. fxe3 O-O 9. d4 exd4 10. exd4 Bb6 11. c3 f5 12. Bc4+ Kh8 13. Nbd2 fxe4
14. Ng5 Qxg5 15. Nxe4 Qd8 16. Qh5 Rf5 17. Qe2 Rf8 18. Bd3 Bf5 19. Qh5 Bxe4
20. Bxe4 g6 21. Bxg6 Qd7 22. Re2 Kg8 23. Bd3 Qf7 24. Qg5+ Qg7 25. Qd5+ Kh8
26. Rae1 Qf7 27. Qg5 Nxd4 28. Re3 Ne6 29. Qg3 Rae8 30. Rf1 Bxe3+ 31. Qxe3
Qg7 32. Re1 Nf4 33. Qxe8 Qxg2# { White checkmated } 0-1

[Event "ICC tourney 2556 (25 5)"]
[Site "Internet Chess Club"]
[Date "2021.05.09"]
[Round "6"]
[White "ADEWUMI, TANITOLUWA:K05-16649696"]
[Black "RAJARAM, ROHAN:K05-15739716"]
[Result "1-0"]
[ICCResult "Black checkmated"]
[WhiteElo "2132"]
[BlackElo "1905"]
[Opening "Sicilian: Taimanov (Bastrikov) variation"]
[ECO "B47"]
[NIC "SI.40"]
[Time "13:30:34"]
[PlyCount "169"]
[TimeControl "1500+5"]

1. e4 c5 2. Nf3 e6 3. d4 cxd4 4. Nxd4 Nc6 5. Nc3 Qc7 6. g3 Nf6 7. Bg2 Be7
8. O-O a6 9. Re1 d6 10. Nxc6 bxc6 11. e5 dxe5 12. Rxe5 Qxe5 13. Bxc6+ Bd7
14. Bxa8 O-O 15. Bf4 Qc5 16. Bg2 Qb6 17. Rb1 Bc5 18. Qe2 Bb4 19. Be5 Be7
20. Rd1 Bc6 21. Ne4 Nxe4 22. Bxe4 Bxe4 23. Qxe4 Bc5 24. Rd2 Qa5 25. Qg4
Bxf2+ 26. Rxf2 Qe1+ 27. Kg2 Qxe5 28. c4 Qc5 29. Qe4 Rb8 30. b3 Qd6 31. Qf3
f6 32. Re2 Re8 33. Qb7 e5 34. Qe4 Rd8 35. Kf2 g6 36. Rc2 f5 37. Qe2 Qc5+
38. Qe3 Rd4 39. Re2 e4 40. Rc2 Qe5 41. c5 Rd3 42. Qe2 e3+ 43. Kg1 Qd5 44.
Rc1 Rd2 45. Qc4 Qxc4 46. bxc4 Rd7 47. Kf1 Rc7 48. Ke2 Rxc5 49. Kxe3 Kf7 50.
Kd4 Rc6 51. Kd5 Rc7 52. Kd6 Rc8 53. c5 Rd8+ 54. Kc7 Rd2 55. Re1 Rxh2 56. a3
Rc2 57. Kb6 Rc3 58. a4 Rb3+ 59. Kxa6 Rxg3 60. c6 Rc3 61. Kb7 Rb3+ 62. Ka6
Rb4 63. a5 f4 64. c7 Rc4 65. Kb6 f3 66. Re3 f2 67. Rf3+ Ke7 68. Rxf2 Kd7
69. Rd2+ Ke6 70. a6 Rc1 71. a7 Rb1+ 72. Kc6 Rc1+ 73. Kb7 Rb1+ 74. Kc8 Ra1
75. Kd8 Rxa7 76. c8=Q+ Rd7+ 77. Qxd7+ Kf6 78. Qxh7 Kg5 79. Rg2+ Kf6 80.
Rxg6+ Kf5 81. Qh5+ Kf4 82. Rg4+ Kf3 83. Qh3+ Kf2 84. Rg2+ Kf1 85. Qh1# {
Black checkmated } 1-0

[Event "ICC tourney 2556 (25 5)"]
[Site "Internet Chess Club"]
[Date "2021.05.09"]
[Round "6"]
[White "MA, SEAN:K05-16395728"]
[Black "VEMPARALA, NIKASH:K05-16438800"]
[Result "1-0"]
[ICCResult "Black checkmated"]
[WhiteElo "1446"]
[BlackElo "1764"]
[Opening "Scotch: Potter variation"]
[ECO "C45"]
[NIC "SO.05"]
[Time "13:31:59"]
[PlyCount "143"]
[TimeControl "1500+5"]

1. e4 e5 2. Nf3 Nc6 3. d4 exd4 4. Nxd4 Bc5 5. Nb3 Bb6 6. Nc3 Nf6 7. Bg5 h6
8. Bh4 d6 9. Be2 Be6 10. O-O g5 11. Bg3 h5 12. h3 h4 13. Bh2 Qd7 14. Nd5
Nxe4 15. Nxb6 axb6 16. Re1 O-O-O 17. Nd4 Nxd4 18. Qxd4 f5 19. a4 c5 20. Qd3
Qc7 21. c3 Bf7 22. b4 Qd7 23. a5 bxa5 24. Rxa5 c4 25. Qd4 Qc6 26. Qg7 Qd7
27. Rxf5 Be6 28. Qxd7+ Rxd7 29. Ra5 Kc7 30. Bf3 Nxc3 31. Rxe6 Rhd8 32. Rc5+
Kb6 33. Rxc4 Ra8 34. g3 hxg3 35. Bxg3 Nb5 36. Rg6 Ra1+ 37. Kg2 Re7 38. Bxd6
Nxd6 39. Rxd6+ Ka7 40. Rd5 Rg7 41. Ra5+ Rxa5 42. bxa5 Ka6 43. Rb4 Kxa5 44.
Rxb7 Rg6 45. Rf7 Kb6 46. Re7 Kc5 47. Kg3 Kd6 48. Ra7 Ke5 49. Ra5+ Kf6 50.
Ra6+ Kg7 51. Rxg6+ Kxg6 52. Kg4 Kh6 53. Be4 Kg7 54. Kxg5 Kh8 55. f4 Kg8 56.
f5 Kf7 57. f6 Kf8 58. Kg6 Kg8 59. f7+ Kf8 60. h4 Ke7 61. Kg7 Ke6 62. f8=Q
Ke5 63. h5 Kxe4 64. h6 Kd5 65. h7 Ke4 66. h8=Q Kd5 67. Qh6 Ke4 68. Qc5 Kf3
69. Qh4 Ke2 70. Qc3 Kf1 71. Qb2 Kg1 72. Qe1# { Black checkmated } 1-0

[Event "ICC tourney 2556 (25 5)"]
[Site "Internet Chess Club"]
[Date "2021.05.09"]
[Round "6"]
[White "KURUP, SIDDHARTH:K05-16282415"]
[Black "RALLABANDI, SAHASRA:K05-16751997"]
[Result "0-1"]
[ICCResult "White resigns"]
[WhiteElo "1548"]
[BlackElo "1336"]
[Opening "King's Indian: Sämisch, 6...Nc6"]
[ECO "E83"]
[NIC "KI.36"]
[Time "13:30:34"]
[PlyCount "118"]
[TimeControl "1500+5"]

1. d4 Nf6 2. c4 g6 3. Nc3 Bg7 4. e4 d6 5. f3 Nc6 6. Be3 O-O 7. Qd2 e6 8.
O-O-O a5 9. g4 a4 10. h4 a3 11. b3 e5 12. d5 Nb4 13. h5 Re8 14. Bh6 Bxh6
15. Qxh6 Qe7 16. Nge2 Qf8 17. Qg5 Qe7 18. Ng3 Nfxd5 19. Qxe7 Nxe7 20. hxg6
fxg6 21. Bd3 c6 22. Bb1 Rd8 23. Rh2 Rf8 24. Rf1 d5 25. exd5 cxd5 26. cxd5
Nexd5 27. Nce4 Be6 28. Nd6 Rfd8 29. Nge4 Ra6 30. Nxb7 Rc6+ 31. Nbc5 Na6 32.
Rc2 Ne3 33. Rh1 Nxc2 34. Nf6+ Kf7 35. Rxh7+ Kf8 36. Rh8+ Ke7 37. Rh7+ Bf7
38. Ncd7 Rxf6 39. Nxf6 Kxf6 40. Bxc2 Nb4 41. Kb1 Rd2 42. g5+ Kxg5 43. Rxf7
Rxc2 44. Ra7 Rxa2 45. f4+ exf4 46. Ra4 Rb2+ 47. Kc1 Nd3+ 48. Kd1 a2 49. b4
Rb1+ 50. Kd2 a1=Q 51. Rxa1 Rxa1 52. Kxd3 f3 53. Ke3 Ra3+ 54. Kd4 f2 55. b5
f1=Q 56. b6 Rb3 57. Kc5 Qc1+ 58. Kd6 Rxb6+ 59. Ke7 Qc7+ { White resigns }
0-1

[Event "ICC tourney 2556 (25 5)"]
[Site "Internet Chess Club"]
[Date "2021.05.09"]
[Round "6"]
[White "SRIPATHY RAO, ANJANEYA:K05-16442373"]
[Black "CHANG LIU, ERIC:K05-16650666"]
[Result "0-1"]
[ICCResult "White forfeits on time"]
[WhiteElo "1907"]
[BlackElo "2046"]
[Opening "Sicilian: Najdorf, Byrne (English) attack"]
[ECO "B90"]
[NIC "SI.14"]
[Time "13:33:40"]
[PlyCount "64"]
[TimeControl "1500+5"]

1. e4 c5 2. Nf3 d6 3. d4 cxd4 4. Nxd4 Nf6 5. Nc3 a6 6. Be3 e5 7. Nb3 Be6 8.
f3 Be7 9. Qd2 O-O 10. O-O-O Nbd7 11. g4 b5 12. Bd3 Nb6 13. Bxb6 Qxb6 14.
Kb1 b4 15. Nd5 Bxd5 16. exd5 a5 17. h4 a4 18. Nc1 Kh8 19. Bc4 Nd7 20. g5 f5
21. gxf6 Bxf6 22. h5 Qc5 23. b3 Nb6 24. Nd3 Nxc4 25. bxc4 Qxc4 26. Nb2 Qc7
27. Rde1 Rfb8 28. Re4 Qc3 29. Qe2 b3 30. cxb3 axb3 31. axb3 Rxb3 32. Rc1
Qa5 { White forfeits on time } 0-1

[Event "ICC tourney 2556 (25 5)"]
[Site "Internet Chess Club"]
[Date "2021.05.09"]
[Round "6"]
[White "DHURJATI, ANAGHA:K05-17003536"]
[Black "HOJA, SABRINA:K05-16995856"]
[Result "0-1"]
[ICCResult "White resigns"]
[WhiteElo "1269"]
[BlackElo "924"]
[Opening "Giuoco Piano"]
[ECO "C54"]
[NIC "IG.02"]
[Time "14:02:33"]
[PlyCount "62"]
[TimeControl "1500+5"]

1. e4 e5 2. Nf3 Nc6 3. Bc4 Bc5 4. c3 Nf6 5. d4 exd4 6. e5 Ng8 7. cxd4 Bb4+
8. Bd2 a5 9. a3 Bxd2+ 10. Qxd2 d5 11. Ba2 h6 12. Nc3 Nge7 13. O-O Bg4 14.
Qf4 h5 15. Rad1 Qd7 16. h3 Bxf3 17. Qxf3 g5 18. Bxd5 Nxd5 19. Nxd5 Kf8 20.
Nf6 Qd8 21. Qe4 Kg7 22. d5 Ne7 23. Qf5 Nxf5 24. Ne4 g4 25. e6 gxh3 26. gxh3
Qh4 27. Kh2 Kf8 28. Rg1 Qf4+ 29. Ng3 Rg8 30. Rdf1 h4 31. e7+ Nxe7 { White
resigns } 0-1

[Event "ICC tourney 2556 (25 5)"]
[Site "Internet Chess Club"]
[Date "2021.05.09"]
[Round "6"]
[White "YUEDUO XU, ANDY:K05-16732301"]
[Black "SIGMUND PRIMUS, JONATHAN:K05-17193231"]
[Result "1/2-1/2"]
[ICCResult "Black stalemated"]
[WhiteElo "1438"]
[BlackElo "971"]
[Opening "English: Carls' Bremen system"]
[ECO "A22"]
[NIC "EO.10"]
[Time "13:33:11"]
[PlyCount "123"]
[TimeControl "1500+5"]

1. c4 e5 2. Nc3 Nf6 3. g3 Nc6 4. Bg2 Bc5 5. Nf3 d6 6. O-O O-O 7. d3 Be6 8.
a3 a5 9. e3 d5 10. d4 exd4 11. exd4 Ba7 12. Bg5 dxc4 13. Bxf6 Qxf6 14. d5
Rfd8 15. Nd2 Bxd5 16. Nxd5 Qxb2 17. Qc1 Qxc1 18. Raxc1 Ne5 19. Nxc4 Nxc4
20. Rxc4 c6 21. Nf4 g5 22. Ne2 Rd3 23. Rc3 Rad8 24. Rxd3 Rxd3 25. a4 Ra3
26. Rb1 Rxa4 27. Rxb7 Ra1+ 28. Bf1 Bc5 29. Rc7 a4 30. Rxc6 Bb4 31. Rc1 Ra2
32. Rb1 Be7 33. Nc3 Ra3 34. Nb5 Ra2 35. Nd4 Bc5 36. Ne2 a3 37. Rb8+ Kg7 38.
Rb5 Be7 39. Ra5 Rc2 40. Nd4 Rc3 41. Nf5+ Kf6 42. Nxe7 Kxe7 43. Kg2 Kd6 44.
Ra4 Kc5 45. Kh3 Rc1 46. Ba6 Rc3 47. Kg4 f6 48. Kh5 Rf3 49. h3 Kd6 50. Kh6
Rxf2 51. Rxa3 Rh2 52. g4 Ke5 53. Kxh7 Rc2 54. Kg6 Rc6 55. Bd3 Kf4 56. Bf5
Ke5 57. Re3+ Kf4 58. Re6 Rc3 59. Kxf6 Rxh3 60. Re4+ Kg3 61. Re3+ Kf4 62.
Rxh3 { Black stalemated } 1/2-1/2

[Event "ICC tourney 2556 (25 5)"]
[Site "Internet Chess Club"]
[Date "2021.05.09"]
[Round "6"]
[White "DAVID YAN BO KOTCHEN, AARON:K05-16524882"]
[Black "MATHUR, AASHI:K05-17111754"]
[Result "1-0"]
[ICCResult "Black forfeits on time"]
[WhiteElo "1523"]
[BlackElo "1012"]
[Opening "Center game: Paulsen attack"]
[ECO "C22"]
[NIC "KP.04"]
[Time "13:32:39"]
[PlyCount "89"]
[TimeControl "1500+5"]

1. e4 e5 2. d4 exd4 3. Qxd4 Nc6 4. Qe3 Nb4 5. Qb3 Bc5 6. Bc4 Qf6 7. Nf3 d6
8. Bg5 Qg6 9. Nc3 Bg4 10. Bh4 Bxf3 11. gxf3 Nf6 12. O-O-O Qh6+ 13. Kb1 Qxh4
14. a3 Nc6 15. Qxb7 O-O 16. Qxc6 Rab8 17. Ka2 Qxf2 18. Bb3 Qxf3 19. Rdf1
Qg2 20. Qa4 Rfe8 21. Qc4 Qg6 22. Na4 Be3 23. Rf3 Rxe4 24. Qxc7 Rbe8 25. Rg3
Rg4 26. Rf3 h6 27. Re1 Rge4 28. Rg3 Qh5 29. Qxd6 Bg5 30. Reg1 R4e5 31. R3g2
Ne4 32. Qc7 R8e7 33. Qc6 Qf3 34. Rg3 Qh5 35. R3g2 Re8 36. Re1 Qf3 37. Rge2
Bd8 38. Bd5 Rxd5 39. Qxd5 Nc3+ 40. Nxc3 Qxd5+ 41. Nxd5 Rxe2 42. Rxe2 Kh7
43. c4 g5 44. c5 Ba5 45. c6 { Black forfeits on time } 1-0

[Event "ICC tourney 2556 (25 5)"]
[Site "Internet Chess Club"]
[Date "2021.05.09"]
[Round "6"]
[White "CHIRAG SHETTY, TANISH:K05-15984457"]
[Black "QIAO, EVELYN:K05-16026633"]
[Result "1/2-1/2"]
[ICCResult "Game drawn because neither player has mating material"]
[WhiteElo "1355"]
[BlackElo "1575"]
[Opening "Sicilian: Pelikan (Lasker/Sveshnikov) variation"]
[ECO "B33"]
[NIC "SI.35"]
[Time "13:33:11"]
[PlyCount "168"]
[TimeControl "1500+5"]

1. e4 c5 2. Nf3 Nc6 3. d4 cxd4 4. Nxd4 Nf6 5. Nc3 e5 6. Nb3 Bb4 7. f3 d5 8.
Bd3 d4 9. a3 Bxc3+ 10. bxc3 dxc3 11. O-O O-O 12. Qe1 Nd4 13. Qxc3 Nxb3 14.
cxb3 Be6 15. Be2 Rc8 16. Qxe5 Qb6+ 17. Kh1 Qxb3 18. Bg5 Nd7 19. Qg3 Kh8 20.
Rfb1 Qc2 21. Qe1 b6 22. Ba6 Rb8 23. Be7 Rfe8 24. Bd6 Rbd8 25. Rc1 Qa4 26.
Bb7 Nc5 27. Bxc5 bxc5 28. Rxc5 Qd4 29. Rcc1 Bb3 30. Qg1 Qxg1+ 31. Kxg1 Re7
32. Ba6 h6 33. Bc4 Bxc4 34. Rxc4 Red7 35. Kf2 Rd2+ 36. Kg3 R8d7 37. Rac1
Rb2 38. Rc7 Rb7 39. Rxd7 Rxd7 40. Rc8+ Kh7 41. Ra8 Kg6 42. Rb8 f5 43. exf5+
Kxf5 44. Rb5+ Kg6 45. Rb4 Kf5 46. Rf4+ Ke5 47. Re4+ Kf5 48. Kh4 Rd2 49. Kg3
Rd7 50. a4 Rc7 51. Kh3 Rd7 52. Rb4 Rc7 53. a5 Kf6 54. Rb5 Rc6 55. g4 g5 56.
Kg3 Rd6 57. h4 Rc6 58. hxg5+ hxg5 59. Rf5+ Kg6 60. f4 Rc3+ 61. Kf2 gxf4 62.
Rxf4 Ra3 63. Rf5 Rb3 64. Ke2 Ra3 65. Kd2 Ra4 66. Rb5 Rxg4 67. Rb7 Ra4 68.
Rxa7 Kf6 69. Kc3 Ke6 70. Ra6+ Kd7 71. Kb3 Ra1 72. Kb4 Kc7 73. Ra7+ Kc6 74.
Rh7 Rb1+ 75. Kc3 Ra1 76. Rh6+ Kb5 77. Rh5+ Ka6 78. Kb4 Rb1+ 79. Kc4 Ra1 80.
Kb4 Rb1+ 81. Kc3 Ra1 82. Rh8 Rxa5 83. Ra8+ Kb5 84. Rxa5+ Kxa5 { Game drawn
because neither player has mating material } 1/2-1/2